 Dungeon Sprint DCSS version 0.25-a0-292-gaa31f046c4 (webtiles) character file.

Game seed: 13042068901307137938, levelgen mode: deterministic

10553 Baz the Protected (level 11, -44/80 HPs)
             Began as a Gargoyle Fighter on Dec 15, 2019.
             Was a Believer of Ru.
             Killed from afar by an orb of fire (73 damage)
             ... with a fireball
             ... in the Dungeon (Sprint VII: "The Pits").
             The game lasted 00:11:53 (2776 turns).

Baz the Protected (Gargoyle Fighter)                Turns: 2776, Time: 00:11:54

Health: -44/80     AC: 29    Str: 26    XL:     11   Next: 63%
Magic:  9/9        EV: 11    Int:  9    God:    Ru [**....]
Gold:   29         SH: 14    Dex: 14    Spells: 10/10 levels left

rFire    . . .     SeeInvis .   E - +5 morningstar of the Equinox {venom, *Slow rC+ Dex+3}
rCold    + . .     Gourm    .   c - +0 shield
rNeg     + . .     Faith    .   q - +2 plate armour
rPois    ∞         Spirit   .   u - +0 helmet
rElec    +         Reflect  .   w - +0 cloak
rCorr    .         Harm     .   (no gloves)
MR       +....     NoTele   +   (no boots)
Stlth    ..........             (no amulet)
HPRegen  0.23/turn              A - ring of protection from magic
MPRegen  0.11/turn              s - +3 ring of evasion

@: mighty, hasted, very quick
A: low mp 1, negative energy resistance 1, electricity resistance, unbreathing,
petrification resistance, rot immunity, disrupted magic 1, unskilled 1, AC +8
a: Renounce Religion


You were in the Dungeon.
You worshipped Ru.
Ru was pleased with you.
You were not hungry.

You visited 1 branch You collected 29 gold pieces.

Inventory:

Hand Weapons
 a - a +0 flail
 b - a +2 mace of protection
 l - a +3 flail
 v - a +2 dire flail of holy wrath
 E - the +5 morningstar of the Equinox (weapon) {venom, *Slow rC+ Dex+3}
   (You found it in the Dungeon)

   It poisons the flesh of those it strikes.
   It affects your dexterity (+3).
   It protects you from cold.
   It may slow you when you take damage.
Armour
 c - a +0 shield (worn)
 q - a +2 plate armour (worn)
 u - a +0 helmet (worn)
 w - a +0 cloak (worn)
Jewellery
 r - a +3 ring of protection
 s - a +3 ring of evasion (right hand)
 A - a ring of protection from magic (left hand)
 F - an uncursed ring of protection from cold
Wands
 y - a wand of flame (9)
Scrolls
 k - 3 scrolls of blinking
 n - 3 scrolls of remove curse
 o - 6 scrolls of amnesia
 p - a scroll of summoning
 z - 2 scrolls of identify
 B - 6 scrolls of fear
 C - 4 scrolls of enchant armour
Potions
 d - a potion of might
 e - 7 potions of curing
 g - 17 potions of heal wounds
 h - 2 potions of haste
 i - 4 potions of magic
 j - 2 potions of berserk rage
 m - a potion of invisibility
 t - 2 potions of brilliance
 x - a potion of agility
 D - a potion of cancellation
Comestibles
 f - 9 rations
 G - 5 chunks of flesh


   Skills:
 + Level 14.2 Fighting
 + Level 13.1 Maces & Flails
 + Level 14.2 Armour
 + Level 14.2 Shields


You had 10 spell levels left.
You didn't know any spells.
Your spell library was empty.

Dungeon Overview and Level Annotations

Branches:
Dungeon (1/1)

Altars:
Ashenzari
Cheibriados
Dithmenos
Elyvilon
Fedhas
Gozag
Hepliaklqana
Kikubaaqudgha
Makhleb
Nemelex Xobeh
Okawaru
Qazlal
Ru
Sif Muna
Trog
Uskayaw
Vehumet
Wu Jian
Xom
Yredelemnul
Zin
The Shining One
Beogh
Jiyva
Lugonu

Annotations:
D Maurice


Innate Abilities, Weirdness & Mutations

You are resistant to torment.
Your stone body is resilient. (AC +8)
You are immune to poison.
Your magical capacity is low. (-10% MP)
You resist negative energy. (rN+)
You are resistant to electric shocks. (rElec)
You can survive without breathing.
You are immune to petrification.
You are immune to rotting.
Your casting is slightly disrupted.
You are somewhat unskilled. (-1 Apt)


Message History

G - 5 chunks of flesh (gained 3)
You see here a bullfrog skeleton.
You see here a scorpion corpse.
You start waiting.
Done waiting.
Okay, then.
You open the large door.
An orb of fire comes into view.
You feel very mighty all of a sudden.
You feel yourself speed up.
The orb of fire emits a lurid red light.
The fireball explodes!
The fireball engulfs you!!!
Ouch! That really hurt!
The fireball engulfs the orb of fire.
The orb of fire completely resists.
Unknown command.
You hit the orb of fire but do no damage.
The orb of fire glows red.
The fireball explodes!
The fireball engulfs you!!!!
Ouch! That really hurt!
You die...

#+# #.# #'#
################*#
................@#
.............÷†..#
+##############..#
#..# #..# #..#
#..# #..# #..#


You could see an orb of fire.

Vanquished Creatures
  A merfolk avatar (D)
  A sixfirhy (D)
  An unseen horror (D)
  2 sea snakes (D)
  2 cyclopes (D)
  An ugly thing (D)
  Psyche (D)
  A spiny frog (D)
  A komodo dragon (shapeshifter) (D)
  A guardian mummy (D)
  2 red devils (D)
  A wandering mushroom (D)
  A hippogriff (shapeshifter) (D)
  A tyrant leech (D)
  A snapping turtle (D)
  A shadow (D)
  A large abomination (D)
  5 yaks (D)
  Eustachio (D)
  2 vampire mosquitoes (D)
  A warg (D)
  6 insubstantial wisps (D)
  A soldier ant (D)
  An acid dragon (D)
  A water moccasin (D)
  3 floating eyes (D)
  An orc warrior (D)
  A black bear (D)
  A sky beast (D)
  A phantom (D)
  2 wolves (D)
  A centaur (D)
  An ogre (D)
  A big kobold (D)
  A bullfrog (D)
  2 scorpions (D)
  5 wights (D)
  3 orc priests (D)
  An iron imp (D)
  2 orc wizards (D)
  2 worker ants (D)
  3 hell rats (D)
  A gnoll (D)
  A river rat (D)
  An ooze (D)
  A leopard gecko (D)
  8 orcs (D)
  2 giant cockroaches (D)
  2 hobgoblins (D)
  A kobold (D)
  A ball python (D)
  2 frilled lizards (D)
  A leopard gecko skeleton (D)
  3 rats (D)
93 creatures vanquished.

Vanquished Creatures (others)
  A wraith (D)
1 creature vanquished.

Grand Total: 94 creatures vanquished

Notes
Turn   | Place    | Note
-------+----------+-------------------------------------------
     0 | D        | Baz the Gargoyle Fighter began the quest for the Orb.
     0 | D        | Reached XP level 1. HP: 14/14 MP: 1/1
    17 | D        | Found a bloodstained altar of Trog.
    17 | D        | Found a shimmering blue altar of Sif Muna.
    17 | D        | Found a viscous altar of Jiyva.
    17 | D        | Found a hazy altar of Hepliaklqana.
    17 | D        | Found an opulent altar of Gozag.
    18 | D        | Found a glowing golden altar of the Shining One.
    18 | D        | Found a glowing silver altar of Zin.
    18 | D        | Found a basalt altar of Yredelemnul.
    18 | D        | Found a shimmering altar of Xom.
    18 | D        | Found an ornate altar of the Wu Jian Council.
    18 | D        | Found a sacrificial altar of Ru.
    18 | D        | Found a stormy altar of Qazlal.
    18 | D        | Found an iron altar of Okawaru.
    18 | D        | Found a sparkling altar of Nemelex Xobeh.
    18 | D        | Found a burning altar of Makhleb.
    18 | D        | Found a blossoming altar of Fedhas.
    18 | D        | Found a white marble altar of Elyvilon.
    18 | D        | Found a shadowy altar of Dithmenos.
    18 | D        | Found a snail-covered altar of Cheibriados.
    19 | D        | Found a radiant altar of Vehumet.
    19 | D        | Found a corrupted altar of Lugonu.
    19 | D        | Found a roughly hewn altar of Beogh.
    20 | D        | Found a hide-covered altar of Uskayaw.
    20 | D        | Found an ancient bone altar of Kikubaaqudgha.
    20 | D        | Found a shattered altar of Ashenzari.
    50 | D        | Became a worshipper of Ru the Awakened
    83 | D        | Noticed a floating eye
    88 | D        | Killed a floating eye
    88 | D        | Reached skill level 5 in Fighting
    88 | D        | Reached skill level 5 in Armour
    88 | D        | Reached skill level 5 in Shields
    88 | D        | Reached XP level 2. HP: 22/22 MP: 2/2
    88 | D        | Reached XP level 3. HP: 27/27 MP: 3/3
    88 | D        | Reached XP level 4. HP: 32/32 MP: 4/4
   104 | D        | Reached skill level 5 in Maces & Flails
   104 | D        | Reached XP level 5. HP: 21/36 MP: 5/5
   235 | D        | Noticed a floating eye
   240 | D        | Paralysed by a floating eye for 2 turns
   247 | D        | Paralysed by a floating eye for 4 turns
   252 | D        | Killed a floating eye
   252 | D        | Reached XP level 6. HP: 42/44 MP: 6/6
   352 | D        | Noticed an orc warrior
   352 | D        | Noticed a sky beast
   414 | D        | Killed an orc warrior
   425 | D        | Killed a sky beast
   425 | D        | Reached XP level 7. HP: 7/50 MP: 7/7
   430 | D        | HP: 1/50 [orc/+0 flail (4)]
   805 | D        | Noticed a spiny frog
   822 | D        | Killed an unseen horror
   822 | D        | Reached skill level 10 in Fighting
   822 | D        | Reached skill level 10 in Armour
   822 | D        | Reached skill level 10 in Shields
   822 | D        | Reached XP level 8. HP: 47/58 MP: 8/8
   831 | D        | Killed a spiny frog
   998 | D        | Noticed a sea snake
   998 | D        | Noticed Eustachio
  1004 | D        | Paralysed by a floating eye for 4 turns
  1009 | D        | Reached skill level 10 in Maces & Flails
  1018 | D        | Killed a sea snake
  1018 | D        | Reached XP level 9. HP: 58/65 MP: 9/9
  1044 | D        | Killed Eustachio
  1084 | D        | Gained mutation: Your magical capacity is low. (-10% MP)
                  | [Ru sacrifice]
  1096 | D        | Noticed a cyclops
  1096 | D        | Noticed Maurice
  1096 | D        | Noticed a cyclops
  1108 | D        | Killed a cyclops
  1142 | D        | Killed a cyclops
  1145 | D        | Reached XP level 10. HP: 72/72 MP: 9/9
  1493 | D        | Noticed a merfolk avatar
  1495 | D        | Noticed a brown ugly thing
  1532 | D        | Killed a merfolk avatar
  1550 | D        | Killed a brown ugly thing
  1593 | D        | Gained mutation: You are somewhat unskilled. (-1 Apt) [Ru
                  | sacrifice]
  1593 | D        | Reached * piety under Ru
  1593 | D        | Reached ** piety under Ru
  1603 | D        | Noticed a sea snake
  1642 | D        | Killed a sea snake
  1880 | D        | Reached XP level 11. HP: 77/78 MP: 9/9
  2075 | D        | Gained mutation: Your casting is slightly disrupted. [Ru
                  | sacrifice]
  2317 | D        | Got the +5 morningstar of the Equinox {venom, *Slow rC+
                  | Dex+3}
  2407 | D        | Noticed a sixfirhy
  2421 | D        | Killed a sixfirhy
  2526 | D        | Noticed an orb spider
  2578 | D        | Noticed Psyche
  2595 | D        | Killed Psyche
  2773 | D        | Noticed an orb of fire
  2776 | D        | Killed from afar by an orb of fire

Levels and vault maps discovered:
D:        pitsprint [storerooms_1, entrance_room_1, metal_vault_1, armoury_1,
          mini_pit_1, grid_room_1, main_hall_1, silver_pit, the_coven_3,
          the_vestibule_1, steel_vault_5, golden_pit, hallway_of_sentries,
          crystal_vault_3, iron_vault_1, final_vault]

Skill      XL: |  1  2  3  4  5  6  7  8  9 10 11 |
---------------+----------------------------------+-----
Fighting       | 5 6 7 8 10 11 12 13 14 | 14.2
Maces & Flails | 4 5 6 7 9 10 11 12 13 | 13.1
Armour         | 5 6 7 8 10 11 12 13 14 | 14.2
Shields        | 5 6 7 8 10 11 12 13 14 | 14.2

Action                   |  1- 3 |  4- 6 |  7- 9 | 10-12 || total
-------------------------+-------+-------+-------+-------++-------
Melee: Flail             |     6 |    30 |       |   298 ||   334
       Mace              |       |    37 |   138 |     1 ||   176
       Dire flail        |       |       |       |    13 ||    13
       Morningstar       |       |       |       |    57 ||    57
Invok: Sacrifice Essence |       |       |     1 |     1 ||     2
       Sacrifice Skill   |       |       |       |     1 ||     1
       Reject Sacrifices |       |       |       |     1 ||     1
  Use: Potion            |       |     2 |       |     6 ||     8
 Stab: Invisible         |       |     1 |       |       ||     1
       Distracted        |       |       |       |     1 ||     1
  Eat: Chunk             |       |       |     1 |     6 ||     7
Armor: Scale mail        |     2 |    29 |       |       ||    31
       Plate armour      |       |    21 |    88 |   162 ||   271
Dodge: Dodged            |     2 |    32 |    53 |    74 ||   161
Block: Shield            |     3 |    45 |   113 |   178 ||   339

Table legend:
 A = Non-vault XP
 B = Vault XP
 C = Vault XP percentage of total XP
 D = Non-vault monster count
 E = Vault monster count
 F = Vault count percentage of total count
                 A         B        C        D         E       F
            +---------+---------+-------+---------+---------+-------
      Total |       0 |   15077 | 100.0 |       0 |      94 | 100.0
            +---------+---------+-------+---------+---------+-------
          D |       0 |   15077 | 100.0 |       0 |      94 | 100.0
            +---------+---------+-------+---------+---------+-------
